 Dungeon Crawl Stone Soup version 0.32-a0-597-g8e3e136d6a (webtiles) character file.

Game seed: 5418067298065332591

147 Sobieck the Digger (level 5, -1/38 HPs)
             Began as a Mountain Dwarf Earth Elementalist on Mar 2, 2024.
             Slain by Grinder (3 damage)
             ... on level 4 of the Dungeon.
             The game lasted 00:05:43 (3032 turns).

Sobieck the Digger (MDEE)                           Turns: 3032, Time: 00:05:44

Health: -1/38      AC:  7    Str: 11    XL:     5   Next: 8%
Magic:  4/8        EV:  8    Int: 17    God:
Gold:   174        SH:  0    Dex: 10    Spells: 5/9 levels left

rFire   . . .        g - +1 sling
rCold   . . .        (no shield)
rNeg    . . .        d - +0 scale mail
rPois   .            (no helmet)
rElec   .            (no cloak)
rCorr   .            h - +0 pair of gloves
SInv    .            (no boots)
Will    .....        (no amulet) Stlth
                     (no ring)
HPRegen 0.26/turn    (no ring)
MPRegen 0.11/turn

%: no passive effects
@: no status effects
A: runic magic, artefact enchanting
a: no special abilities


You were on level 4 of the Dungeon.
You visited 1 branch of the dungeon, and saw 4 of its levels.

You collected 174 gold pieces.

Inventory:

Hand Weapons
 c - a +0 dagger
 g - a +1 sling (weapon)
 n - the +0 mace "Cadob" {speed, *Rage Int+7 Dex-3 SInv}
   (You found it on level 3 of the Dungeon)

   Int+7:     It affects your intelligence (+7).
   Dex-3:     It affects your dexterity (-3).
   SInv:      It lets you see invisible.
   *Rage:     It berserks you when you make melee attacks (+20% chance).
Armour
 a - a +0 robe
 d - a +0 scale mail (worn)
 h - a +0 pair of gloves (worn)
Potions
 l - a potion of enlightenment
 m - a potion of attraction
 H - a potion of haste


   Skills:
 + Level 2.3 Armour
 - Level 1.3 Dodging
 - Level 1.4 Stealth
 + Level 2.6 Spellcasting
 - Level 0.8 Conjurations
 * Level 5.1 Earth Magic


You had 5 spell levels left.
You knew the following spells:

 Your Spells              Type           Power      Damage    Failure   Level
a - Sandblast             Erth           38%        2d10      3%          1
b - Stone Arrow           Conj/Erth      24%        3d8       24%         3

Your spell library contained the following spells:

 Spells                   Type           Power      Damage    Failure   Level
 Passwall                 Erth           19%        N/A       10%         3
 Magic Dart               Conj           20%        1d4       19%         1
 Blink                    Tloc           4%         N/A       38%         2
 Call Imp                 Summ           4%         N/A       38%         2
 Cigotuvi's Dreadful Rot  Necr/Alch/Air  4%         N/A       38%         2
 Brom's Barrelling Bould  Conj/Erth      12%        2d4       63%         4
 Petrify                  Alch/Erth      10%        N/A       67%         4
 Ignite Poison            Fire/Alch      2%         N/A       95%         4
 Freezing Cloud           Conj/Ice/Air   1%         6-21      100%        5


Dungeon Overview and Level Annotations

Branches:
Dungeon (4/15)
 Temple: D:4-7

Altars:
Ashenzari
Cheibriados

Shops:
D:4 [

Annotations:
D:4 Grinder


Innate Abilities, Weirdness & Mutations

Your spellcasting is much less encumbered by armour.
You can use scrolls of enchantment on lesser artefacts.


Message History

Found a robe.
Found a stone staircase leading down.
Grinder comes into view.
Grinder shouts!
Grinder says, "I used to sell toenails on the black market."
Grinder blinks!
You shoot a sling bullet. The sling bullet hits Grinder.
Grinder is lightly wounded.
Grinder gestures at you. Pain shoots through your body!
The blast of sand hits Grinder.
Grinder is lightly wounded.
The blast of sand misses Grinder.
Grinder gestures at you. You resist with significant effort.
The blast of sand hits Grinder.
Grinder is moderately wounded.
Grinder gestures at you.
You suddenly lose the ability to move!
Grinder hits you!
* * * LOW HITPOINT WARNING * * *
Grinder gestures at you. You resist with significant effort.
Grinder gestures at you. Pain shoots through your body!
* * * LOW HITPOINT WARNING * * *
You can move again.
Unknown command.
You are too injured to fight recklessly!
Unknown command.
Casting: Sandblast (safe; 3% risk of failure)
Confirm with . or Enter, or press ? or * to list all spells.
Aiming: Sandblast (safe; 3% risk of failure)
Press: ? - help, Shift-Dir - straight line, f/p - Grinder
Aim: Grinder (moderately wounded, 80% to hit)
The blast of sand hits Grinder.
Grinder is moderately wounded.
Grinder hits you.
* * * LOW HITPOINT WARNING * * *
Casting: Sandblast (safe; 3% risk of failure)
Confirm with . or Enter, or press ? or * to list all spells.
Aiming: Sandblast (safe; 3% risk of failure)
Press: ? - help, Shift-Dir - straight line, f/p - Grinder
Aim: Grinder (moderately wounded, 80% to hit)
The blast of sand hits Grinder.
Grinder is moderately wounded.
Grinder hits you.
* * * LOW HITPOINT WARNING * * *
You writhe in agony.
You die...
Grinder says, "Hey, I wasn't done torturing you yet!"

,***,* #..##### ,*,<,*
#......# ,,,,*****
#######.####.# ,,,,,,,,*
#............#
,,,,,*#.####.#####.###..#
,,,,,*#..........[.# *,,#
,,,,,*######.####### *,,*
,,,,,* #.#########..*
,,,,,* #....@5....>.*
**,*,* ############.*
**,*,* *,*
,,,*,*********** *,*
****,,,,,,,,,,,* *,*
***********,********,*
*,,,,,,,,,,* ************


You could see Grinder.

Vanquished Creatures
  A hound (D:3)
  Natasha (twice) (D:2)
  An adder (D:2)
  2 dart slugs
  A ribbon worm (D:2)
  5 endoplasms
  A giant cockroach (D:1)
  4 goblins
  10 hobgoblins
  3 quokkas
  7 ball pythons
  9 bats
  3 frilled lizards
  4 kobolds
  4 rats
57 creatures vanquished.

Notes
Turn   | Place    | Note
-------+----------+-------------------------------------------
     0 | D:1      | Sobieck the Mountain Dwarf Earth Elementalist began the
                  | quest for the Orb.
     0 | D:1      | Reached XP level 1. HP: 14/14 MP: 3/3
   400 | D:1      | Reached XP level 2. HP: 20/20 MP: 2/4
   849 | D:1      | Found a faded altar of an unknown god.
   910 | D:1      | Reached skill level 1 in Armour
  1072 | D:2      | Reached skill level 4 in Earth Magic
  1197 | D:2      | Reached XP level 3. HP: 26/26 MP: 0/6
  1321 | D:2      | Learned a level 3 spell: Stone Arrow
  1565 | D:2      | Noticed Natasha
  1569 | D:2      | Killed Natasha
  1570 | D:2      | Reached XP level 4. HP: 30/33 MP: 4/7
  1687 | D:2      | Noticed Natasha
  1692 | D:2      | Killed Natasha
  2119 | D:3      | Identified the +0 mace "Cadob" {speed, *Rage Int+7 Dex-3
                  | SInv}
  2411 | D:3      | Reached skill level 5 in Earth Magic
  2411 | D:3      | Reached XP level 5. HP: 38/38 MP: 4/8
  2588 | D:3      | Found a snail-covered altar of Cheibriados.
  2599 | D:3      | Found a broken altar of Ashenzari.
  2863 | D:4      | Found Kelok's Antique Armour Shoppe.
  3024 | D:4      | Noticed Grinder
  3028 | D:4      | Paralysed by Grinder for 3 turns
  3032 | D:4      | Slain by Grinder

Illustrated notes

Levels and vault maps discovered:
D:1:      giann_horns, layout_loops_corners,
          ebering_ecumenical_altar_sacrificial
D:2:      layout_basic, uniq_natasha
D:3:      layout_basic, jmf_multi_god_temple2, nicolae_eternal_life,
          minmay_box_of_dots
D:4:      layout_loops_ring, serial_shops, nicolae_shop_gibbet_a_chance,
          uniq_duvessa, uniq_grinder, uniq_blork_the_orc

Skill      XL: |  1  2  3  4 |
---------------+-------------+-----
Spellcasting   | 2 |  2.6
Armour         | 1 2 |  2.3
Earth Magic    | 4 5 |  5.1
Dodging        | |  1.3
Stealth        | |  1.4
Conjurations   | |  0.8

Action                     |  1- 3 |  4- 6 || total
---------------------------+-------+-------++-------
   Fire: Sling             |    28 |    16 ||    44
   Cast: Sandblast         |    41 |    35 ||    76
    Use: Potion            |     1 |       ||     1
         Scroll            |       |     7 ||     7
 Armour: Scale mail        |    25 |    19 ||    44
  Dodge: Dodged            |    12 |    10 ||    22

Table legend: (Time is in decaauts)
 A = Elapsed time spent in this place.
 B = Non-inter-level travel time spent in this place.
 C = Inter-level travel time spent in this place.
 D = Time resting spent in this place.
 E = Time spent auto-exploring this place.
 F = Levels seen in this place.
 G = Mean time per level.
                   A        B        C        D        E       F      G
               +--------+--------+--------+--------+--------+-----+--------+
         Total |   3105 |   3033 |     72 |     36 |   2616 |   4 |  776.2 |
       Dungeon |   3105 |   3033 |     72 |     36 |   2616 |   4 |  776.2 |
               +--------+--------+--------+--------+--------+-----+--------+

Top non-repeatable levels by time:
     D:1: 1046 daAuts
     D:3: 996 daAuts
     D:2: 890 daAuts
     D:4: 172 daAuts
